 Dungeon Crawl Stone Soup version 0.26-a0-1080-g4c0aae810e (webtiles) character file.

Game seed: 11922842438274324268

1425 tilp the Changer (level 8, 0/54 HPs)
             Began as an Octopode Transmuter on Dec 14, 2020.
             Was an Initiate of Ru.
             Slain by an ogre
             ... wielding a +0 giant club
              (28 damage)
             ... on level 6 of the Dungeon.
             The game lasted 00:18:41 (10246 turns).

tilp the Changer (Octopode Transmuter)             Turns: 10246, Time: 00:18:41

Health: 0/54       AC:  1    Str: 15    XL:     8   Next: 72%
Magic:  14/14      EV: 13    Int: 18    God:    Ru [......]
Gold:   414        SH:  0    Dex: 12    Spells: 9/15 levels left

rFire    . . .     SeeInvis .     - Unarmed
rCold    . . .     Faith    +   (no shield)
rNeg     . . .     Spirit   .   (helmet currently unavailable)
rPois    .         Reflect  .   n - amulet of faith
rElec    .         Harm     .   l - +6 ring of strength
rCorr    .         Rampage  .   q - ring of flight
Will     .....                  (no ring)
Stlth    +++.......             (no ring)
HPRegen  0.18/turn              (no ring)
MPRegen  0.14/turn              (no ring)
                                (no ring)
                                (no ring)

@: appendages
A: almost no armour, stealthy swim, amphibious, 8 rings, constrict 8, tentacle
spike 3, camouflage 1, gelatinous body 1
a: End Transformation, Renounce Religion, Evoke Flight


You were on level 6 of the Dungeon.
You worshipped Ru.
Ru was noncommittal.
One of your tentacles had a temporary spike.
You visited 1 branch of the dungeon, and saw 6 of its levels.

You collected 414 gold pieces.

Inventory:

Missiles
 a - 182 stones (quivered)
 c - 6 boomerangs
 i - 32 poisoned darts
Jewellery
 l - a +6 ring of strength (left tentacle)
 n - an amulet of faith (around mantle)
 q - a ring of flight (right tentacle)
Wands
 t - a wand of disintegration (9)
Scrolls
 b - a scroll of enchant armour
 d - 2 scrolls of teleportation {unknown}
 f - 3 scrolls of magic mapping {unknown}
 g - 4 scrolls of remove curse
 h - 3 scrolls of enchant weapon
 p - a scroll of immolation {unknown}
 s - 3 scrolls of fear {unknown}
Potions
 e - a potion of mutation
 j - 2 potions of flight
 k - 4 potions of curing
 m - a potion of brilliance {unknown}
 o - a potion of might {unknown}
 r - a potion of heal wounds {unknown}


   Skills:
 - Level 4.0 Fighting
 - Level 2.0 Dodging
 - Level 4.0 Stealth
 + Level 6.2 Unarmed Combat
 - Level 4.0 Spellcasting
 + Level 6.2 Transmutations
 - Level 2.0 Poison Magic


You had 9 spell levels left.
You knew the following spells:

 Your Spells              Type           Power        Failure   Level
a - Beastly Appendage     Tmut           ####..       1%          1
b - Wereblood             Tmut           ####....     1%          2
c - Spider Form           Tmut/Pois      ###.......   9%          3

Your spell library contained the following spells:

 Spells                   Type           Power        Failure   Level
 Blade Hands              Tmut           ####......   30%         5
 Ice Form                 Ice/Tmut       ##......     38%         4


Dungeon Overview and Level Annotations

Branches:
Dungeon (6/15)             Temple (0/1) D:5

Altars:
Ru
Uskayaw

Annotations:
D:5 Edmund


Innate Abilities, Weirdness & Mutations

You cannot wear most types of armour.
You are very stealthy in the water. (Stealth+)
You are amphibious.
You can wear up to eight rings at the same time.
You can use your tentacles to constrict eight enemies at once.
Your skin changes colour to match your surroundings (Stealth+).
Your rubbery body absorbs attacks. (AC +1, EV +1)
One of your tentacles bears a large vicious spike.


Message History

You start resting.
Your primal bloodlust is almost over.
You start resting.
Your tentacle spike disappears.
You start resting.
Your primal bloodlust has ended.
You start resting.
An orc comes into view. It is wielding a +0 club.
Unknown command.
An orc comes into view. It is wielding a +0 dagger.
An orc comes into view.
Casting: Wereblood (safe; 1% risk of failure)
Confirm with . or Enter, or press ? or * to list all spells.
One of your tentacles grows a vicious spike.
The orc shouts! x2; You hear a shout! x2
Unknown command.
The ogre shouts!
The ogre hits you with a +0 giant club!!
Ouch! That really hurt!
You die...

....#..........##....#####
#........................##
#.##..............>.......##
#..........................#
...##...>..................#
..##########...............#
..........##...............#
.########.##.....O.........#
.# #.###...@.........## ###
##..........#.o...##
..######.......#.######o##
.........######.... #.#
..##...### #...... #.#
........# #...... #.#
....#...## ####### #o#
....#....#### #o########
.............. #)o.......


You could see an ogre and 2 orcs.

Vanquished Creatures
  Eustachio (D:6)
  A sky beast (D:5)
  An ogre (D:6)
  A bullfrog (D:6)
  2 scorpions
  4 wights (D:6)
  2 jellies (D:5)
  A bullfrog zombie (D:6)
  A hound (D:5)
  A quasit (D:6)
  An orc priest (D:6)
  A bullfrog skeleton (D:4)
  5 orc wizards
  2 iguanas (D:5)
  2 worker ants
  4 gnolls (D:6)
  10 adders
  2 shadow imps (D:5)
  3 white imps
  2 oozes
  2 worms (D:3)
  3 dart slugs
  5 leopard geckos
  21 orcs
  A ball python (D:2)
  8 bats
  4 giant cockroaches
  4 goblins
  6 hobgoblins
  9 jackals
  5 kobolds
  6 quokkas
  3 frilled lizards
  A quokka zombie (D:6)
  7 rats
132 creatures vanquished.

Notes
Turn   | Place    | Note
-------+----------+-------------------------------------------
     0 | D:1      | tilp the Octopode Transmuter began the quest for the Orb.
     0 | D:1      | Reached XP level 1. HP: 13/13 MP: 3/3
   266 | D:1      | Reached XP level 2. HP: 13/18 MP: 3/5
   269 | D:1      | Learned a level 2 spell: Wereblood
  1098 | D:2      | Reached XP level 3. HP: 11/23 MP: 4/6
  1449 | D:2      | Learned a level 3 spell: Spider Form
  1561 | D:2      | Reached XP level 4. HP: 29/29 MP: 7/7
  2006 | D:2      | Found a hide-covered altar of Uskayaw.
  2006 | D:2      | Found a sacrificial altar of Ru.
  2114 | D:2      | Became a worshipper of Ru the Awakened
  2403 | D:2      | Reached skill level 1 in Poison Magic
  2912 | D:3      | Reached XP level 5. HP: 34/34 MP: 8/8
  4158 | D:4      | Reached skill level 5 in Transmutations
  4158 | D:4      | Reached XP level 6. HP: 39/39 MP: 5/9
  5018 | D:5      | Entered Level 5 of the Dungeon
  5018 | D:5      | Found a staircase to the Ecumenical Temple.
  5021 | D:5      | Noticed Edmund
  6583 | D:5      | Reached XP level 7. HP: 36/45 MP: 7/10
  7147 | D:5      | Reached skill level 5 in Unarmed Combat
  8968 | D:6      | Reached XP level 8. HP: 33/50 MP: 9/13
  9201 | D:6      | Noticed Eustachio
  9487 | D:6      | Killed Eustachio
 10246 | D:6      | Slain by an ogre

Illustrated notes

Levels and vault maps discovered:
D:1:      minmay_arrival_four_circles, layout_rooms
D:2:      layout_rooms, gammafunk_temple_overflow_elements, minmay_pentomino_q4
D:3:      layout_basic
D:4:      layout_gridville, serial_rivers, chequers_serial_rivers_micro_d,
          chequers_serial_rivers_large_a, chequers_serial_rivers_room_a,
          chequers_serial_rivers_small_3
D:5:      layout_basic, minmay_temple_entry_statues_fountains, uniq_edmund
D:6:      layout_rooms, vehumet_crystals, kennysheep_big_empty_room,
          hex_intersection, uniq_maggie, uniq_eustachio

Skill      XL: |  1  2  3  4  5  6  7  8 |
---------------+-------------------------+-----
Transmutations | 3 4 5 6 |  6.2
Fighting       | 2 4 |  4.0
Poison Magic   | 1 2 |  2.0
Unarmed Combat | 4 6 |  6.2
Spellcasting   | 3 4 |  4.0
Stealth        | 4 |  4.0
Dodging        | |  2.0

Action                   |  1- 3 |  4- 6 |  7- 9 || total
-------------------------+-------+-------+-------++-------
Melee: Unarmed           |    55 |   149 |   125 ||   329
       Constrict         |    15 |    36 |    33 ||    84
       Kick              |    10 |    47 |    26 ||    83
       Tentacles         |     7 |    37 |    18 ||    62
       Punch             |       |     2 |     2 ||     4
Throw: Stone             |    12 |     9 |       ||    21
 Cast: Beastly Appendage |    15 |    34 |    15 ||    64
       Wereblood         |     4 |     4 |     5 ||    13
       Spider Form       |       |     2 |     5 ||     7
Invok: Reject Sacrifices |       |     1 |       ||     1
  Use: Scroll            |       |     9 |       ||     9
 Stab: Sleeping          |     3 |     6 |     1 ||    10
Armor: Skin              |     2 |    11 |     5 ||    18
Dodge: Dodged            |    34 |    79 |    85 ||   198

Table legend: (Time is in decaauts)
 A = Elapsed time spent in this place.
 B = Non-inter-level travel time spent in this place.
 C = Inter-level travel time spent in this place.
 D = Time resting spent in this place.
 E = Time spent auto-exploring this place.
 F = Levels seen in this place.
 G = Mean time per level.
                   A        B        C        D        E       F      G
               +--------+--------+--------+--------+--------+-----+--------+
         Total |  10230 |   9736 |    494 |   4467 |   3732 |   6 | 1705.0 |
       Dungeon |  10230 |   9736 |    494 |   4467 |   3732 |   6 | 1705.0 |
               +--------+--------+--------+--------+--------+-----+--------+

Top non-repeatable levels by time:
     D:5: 3965 daAuts
     D:4: 1679 daAuts
     D:2: 1559 daAuts
     D:1: 1222 daAuts
     D:3: 1046 daAuts
     D:6: 756 daAuts
